Unix NetHack Version 5.0.0-0 post-release - last build May  4 2026 22:22:43 (774f63e81ad911689b3a0859ea89b322d5daca8d,branch:main).

Game began 2026-05-08 12:32:50, ended 2026-05-08 21:05:28.

Kolin, lawful female dwarven Valkyrie

                                                              ----------------
                                                    ------ ###..`......c.....|
                                                    .....|####|..............|
                                                    .^....##  |.........`....|
                                                  .......| #  -------.--------
                                              |..........| #         ##
                                              |..........-##          #
                                              |..........| ##         ####
                                              -.- -.----- ###            #
    -----.----                                 ###          ##           #
    |.!......|                                   ##          ###         ###
    |......i.|   #         ### ## ###  ####   # ##             #           #
    |......_(.@s###        ####################  ##            ##` --------.--
    |........|   ##     -----.--------    #--.---.-            ####..........|
    |........|    ##    |............|     |......|              # |........T|
    |........|     ##   |.>..........|     |......|          ### # |.........|
    ----------      ####|............|     |......|            ####..........|
                       #-............|     --------                |.........|
                        --------------                             -.---------

Kolin the Fighter           St:17 Dx:14 Co:19 In:7 Wi:8 Ch:10  Lawful
Dlvl:13 $:1550 HP:0(90) Pw:11(11) AC:1  Xp:8/1882 T:7835 

Latest messages:
 Y - an uncursed velvet spellbook.
 u - a cursed effervescent potion.
 o - an uncursed clay ring.
 V - a cursed ruby ring.
 Z - an uncursed steel ring.
 f - a blessed wand called long(van).
 Q - an uncursed wand of create monster.
 n - an uncursed wand of slow monster.
 The homunculus misses!
 What do you want to use or apply? [efinsQY or ?*] s
 In what direction? 8
 Status of the homunculus (chaotic, tiny):  Level 3  HP 21(21)  AC 6.
 You miss the homunculus.
 The homunculus misses!
 What do you want to use or apply? [efinsQY or ?*] s
 In what direction? 8
 Status of the homunculus (chaotic, tiny):  Level 3  HP 21(21)  AC 6.
 You hit the homunculus.
 You hit the homunculus.
 The homunculus just misses!
 What do you want to use or apply? [efinsQY or ?*] s
 In what direction? 8
 Status of the homunculus (chaotic, tiny):  Level 3  HP 18(21)  AC 6.
 The homunculus misses!
 You miss the homunculus.
 The homunculus misses!
 You hit the homunculus.
 You miss the homunculus.
 The homunculus bites!
 You avoid harm.
 You miss the homunculus.
 The homunculus bites!
 What do you want to use or apply? [efinsQY or ?*] s
 In what direction? 6
 Status of the homunculus (chaotic, tiny):  Level 3  HP 15(21)  AC 6.
 The wood golem hits!
 The homunculus misses!
 You see here an unlocked large box.
 You miss the scorpion.
 The scorpion hits!
 The scorpion hits again!
 The scorpion misses!
 You hit the scorpion!
 The scorpion hits!
 The scorpion just misses!
 The scorpion stings!
 The scorpion's sting was poisoned!
 You die...
 Do you want your possessions identified? [ynq] (y) y
 Do you want to see your attributes? [ynq] (y) q

Inventory:
 Coins    ('$')
  $ - 1550 gold pieces
 Weapons  (')')
  z - 3 +0 darts
  p - a blessed +0 orcish dagger
  j - 2 +0 orcish daggers
  I - 4 corroded +0 spears
  D - a +0 long sword (weapon in right hand)
  A - a thoroughly rusty -2 long sword named cursed
 Armor    ('[')
  q - an uncursed +1 orcish helm (being worn)
  L - an uncursed +3 small shield (being worn)
  C - an uncursed +0 elven cloak
  B - an uncursed +0 orcish cloak (being worn)
  r - an uncursed +0 studded leather armor (being worn)
 Comestibles  ('%')
  g - an uncursed clove of garlic
  d - 6 uncursed food rations
  U - 2 uncursed fortune cookies
  k - 2 uncursed tins of spinach
  y - an uncursed lizard corpse
 Scrolls  ('?')
  l - an uncursed scroll of confuse monster
  x - an uncursed scroll of genocide
  h - a blessed scroll of identify
  v - 2 uncursed scrolls of light
  R - a blessed scroll of teleportation
 Spellbooks  ('+')
  Y - an uncursed spellbook of haste self
 Potions  ('!')
  u - a cursed potion of monster detection
 Rings    ('=')
  V - a cursed -1 ring of adornment
  Z - an uncursed ring of cold resistance
  o - an uncursed ring of fire resistance
 Wands    ('/')
  Q - a wand of create monster (0:11)
  n - a wand of slow monster (0:4)
  f - a blessed wand of teleportation (0:1)
 Tools    ('(')
  e - an uncursed skeleton key
  s - an uncursed stethoscope
  i - an uncursed partly used tallow candle
 Gems/Stones  ('*')
  F - 3 uncursed opals
  W - an uncursed worthless piece of black glass
  E - 3 uncursed worthless pieces of blue glass
  t - an uncursed worthless piece of green glass
  a - 5 uncursed worthless pieces of red glass

Kolin the Valkyrie's attributes:

Background:
 You were a Fighter, a level 8 dwarven Valkyrie.
 You were lawful, on a mission for Tyr
 who was opposed by Odin (neutral) and Loki (chaotic).
 You were right-handed.
 You were in the Dungeons of Doom, on level 13.
 You entered the dungeon 7835 turns ago.
 You had 1882 experience points, 678 more were needed to attain level 9.

Basics:
 You had 0 out of 90 hit points.
 You had all 11 energy points (spell power).
 Your armor class was 1.
 Your wallet contained 1550 zorkmids.
 Autopickup was on for '$"?!=/' plus thrown.

Final Characteristics:
 Your strength was 17 (peak:18, limit:18/100).
 Your dexterity was 14 (limit:20).
 Your constitution was 19 (limit:20).
 Your intelligence was 7 (limit:16).
 Your wisdom was 8 (limit:16).
 Your charisma was 10 (limit:16).

Final Status:
 You weren't hungry.
 You were unencumbered.
 You were wielding a long sword.
 You were unskilled in long sword.

Final Attributes:
 You were piously aligned.
 You were cold resistant.
 You were telepathic.
 You had infravision.
 You were stealthy.
 You were warded.
 You were fast.
 You are dead.

Miscellaneous:
 You didn't encounter any bones levels.
 Total elapsed playing time was 7 hours, 9 minutes and 48 seconds.

Major events:
 Turn
    1: Kolin the lawful dwarven Valkyrie entered the dungeon
  495: entered the Gnomish Mines
 1152: attained the rank of Skirmisher (level 3)
 1814: entered Sokoban
 2413: attained the rank of Fighter (level 6)
 5481: entered the Bigroom
 7835: killed by a scorpion

You didn't know any spells.

Skills:
 Fighting Skills
   bare handed combat [Unskilled]
   two weapon combat  [Unskilled]
   riding             [Unskilled]
 Weapon Skills
   dagger             [Basic]
   axe                [Unskilled]
   pick-axe           [Unskilled]
   short sword        [Unskilled]
   broadsword         [Unskilled]
   long sword         [Unskilled]
   two-handed sword   [Unskilled]
   saber              [Unskilled]
   hammer             [Unskilled]
   quarterstaff       [Unskilled]
   polearms           [Unskilled]
   spear              [Basic]
   trident            [Unskilled]
   lance              [Unskilled]
   sling              [Unskilled]
 Spellcasting Skills
   attack spells      [Unskilled]
   escape spells      [Unskilled]

Voluntary challenges:
 Character rerolling was not enabled.
 You never genocided any monsters.
 You never polymorphed an object.
 You used no wishes.
 You did not violate any of the special Sokoban rules.
Achievements:
 You entered the Gnomish Mines.
 You entered a shop.
 You attained the rank of Skirmisher.
 You entered Sokoban.
 You attained the rank of Fighter.
 You entered the Big Room.

 The Dungeons of Doom: levels 1 to 16
    Level 1:
    Level 2:
       A weapon shop, an altar.
       Stairs down to The Gnomish Mines.
    Level 3:
       A weapon shop.
    Level 4:
       A weapon shop.
    Level 5:
       Oracle of Delphi.
    Level 6:
       A general store, an altar to Tyr, a sink.
       Stairs up to Sokoban, level 5.
    Level 7:
       A sink.
    Level 8:
    Level 9:
       A grave.
    Level 10:
       A very big room.
    Level 11:
       Summoned by the Norn.
    Level 12:
       A throne.
    Level 13: <- You were here.
       An altar to Tyr.
       Final resting place for
          you, killed by a scorpion.
    Level 14:
    Level 15:
    Level 16:
       A throne.
 The Gnomish Mines: levels 3 to 4
    Level 3:
    Level 4:
 Sokoban:
    Level 5:
       Unsolved.


Vanquished creatures:
  a large mimic
  a hill giant
  a pyrolisk
  2 freezing spheres
  a large cat
  a tiger
  a tengu
 an ochre jelly
  a human mummy
  2 giant beetles
  a giant spider
  2 lizards
  a chickatrice
  a dog
  a housecat
  a blue jelly
  a dust vortex
  a Woodland-elf
  a water nymph
  a rock piercer
  4 rock moles
  a pony
  a fog cloud
  a shrieker
  a violet fungus
  a kobold mummy
  a red naga hatchling
  a black naga hatchling
  2 guardian naga hatchlings
  a gray ooze
  a ghoul
  2 giant ants
  2 little dogs
  a floating eye
  a kitten
  a kobold leader
  8 hill orcs
  8 rothes
  a rabid rat
  a centipede
  2 giant bats
  4 orc zombies
  a dwarf zombie
  2 werejackals
  2 iguanas
  a killer bee
  3 acid blobs
  a gas spore
  3 manes
  a large kobold
  2 giant rats
  2 cave spiders
  a yellow mold
  a red mold
  2 gnomes
  a gnome zombie
  7 geckos
  5 jackals
  a fox
  3 kobolds
  3 goblins
  a sewer rat
  7 grid bugs
  2 lichens
  a kobold zombie
  4 newts
126 creatures vanquished.

No species were genocided or became extinct.

Game over:
                       ----------
                      /          \
                     /    REST    \
                    /      IN      \
                   /     PEACE      \
                  /                  \
                  |      Kolin       |
                  |     1550 Au      |
                  |   killed by a    |
                  |     scorpion     |
                  |                  |
                  |                  |
                  |       2026       |
                 *|     *  *  *      | *
        _________)/\\_//(\/(/\)/\//\/|_)_______

Farvel Kolin the Valkyrie...

You died in The Dungeons of Doom on dungeon level 13 with 9683 points,
and 1550 pieces of gold, after 7835 moves.
You were level 8 with a maximum of 90 hit points when you died.

